Map: Dusk Towers

Players

SiegeRider

  • Race: Protoss Protoss
  • League: Platinum

MorN - Winner!

  • Race: Terran Terran
  • League: Master

VOD

Have the link to the VOD?

Description

Time

  • Played on: Nov. 29, 2015, 8:07 p.m.
  • Length: 11:37
Show
View Real Time Build Order
Export as new Build Order

SiegeRider Protoss 

Build Orders: Blink Stalkers 

Get SALT Encoding   

  12  0:01  Probe (Chrono Boost)  
  13  0:12  Probe (Chrono Boost)  
  14  0:19  Pylon  
  14  0:22  Probe (Chrono Boost)  
  15  0:37  Probe (Chrono Boost)  
  15  0:38  Gateway  
  15  0:42  Assimilator  
  16  0:48  Probe (Chrono Boost)  
  17  0:54  Pylon  
  17  0:56  Pylon  
  17  0:59  Probe (Chrono Boost)  
  18  1:09  Probe (Chrono Boost)  
  19  1:20  Probe (Chrono Boost)  
  20  1:26  Cybernetics Core  
  20  1:30  Probe (Chrono Boost)  
  21  1:41  Probe (Chrono Boost)  
  22  1:51  Probe (Chrono Boost)  
  23  1:58  Nexus  
  23  2:04  Mothership Core (Chrono Boost)  
  25  2:08  Assimilator  
  25  2:11  Warp Gate  
  25  2:20  Stalker  
  27  2:31  Probe (Chrono Boost)  
  28  2:41  Probe (Chrono Boost)  
  29  2:46  Pylon  
  29  2:52  Probe (Chrono Boost), Twilight Council  
  30  3:02  Probe (Chrono Boost)  
  31  3:10  Probe (Chrono Boost)  
  32  3:13  Stalker, Probe (Chrono Boost)  
  35  3:20  Probe (Chrono Boost)  
  35  3:23  Probe (Chrono Boost)  
  37  3:28  Blink (Chrono Boost)  
  37  3:31  Probe (Chrono Boost)  
  39  3:34  Probe (Chrono Boost)  
  39  3:35  Assimilator  
  39  3:39  Assimilator  
  39  3:41  Probe (Chrono Boost)  
  39  3:43  Stalker  
  39  3:44  Probe (Chrono Boost)  
  41  3:50  Probe (Chrono Boost)  
  41  3:54  Robotics Facility  
  42  3:55  Probe  
  42  4:00  Pylon  
  42  4:01  Probe  
  44  4:08  Probe  
  45  4:11  Probe  
  45  4:16  Gateway  
  46  4:19  Gateway  
  46  4:22  Probe  
  46  4:23  Probe  
  48  4:29  Stalker  
  50  4:32  Probe  
  50  4:35  Probe  
  52  4:42  Observer (Chrono Boost)  
  52  4:43  Probe  
  54  4:47  Probe  
  55  4:59  Probe, Nexus  
  55  5:00  Probe  
  55  5:01  Observer (Chrono Boost), Pylon  
  55  5:04  Pylon  
  58  5:10  Probe  
  58  5:11  Robotics Bay  
  58  5:13  Probe  
  60  5:20  Stalker x2  
  64  5:23  Stalker, Probe  
  64  5:25  Probe  
  68  5:30  Resonating Glaives  
  68  5:33  Observer (Chrono Boost)  
  69  5:40  Gateway  
  69  5:42  Gateway  
  69  5:44  Probe  
  69  5:45  Probe  
  69  5:49  Gateway  
  71  5:52  Forge  
  71  6:01  Disruptor (Chrono Boost)  
  71  6:02  Adept x2  
  78  6:09  Probe x2  
  78  6:10  Probe  
  80  6:19  Probe, Pylon  
  80  6:20  Probe  
  80  6:23  Pylon  
  80  6:24  Protoss Ground Weapons Level 1  
  82  6:32  Disruptor (Chrono Boost)  
  85  6:36  Adept x4  
  93  6:40  Stalker  
  93  6:42  Probe x2  
  93  6:43  Probe  
  93  6:46  Stalker  
  100  6:55  Probe  
  101  7:02  Probe x2  
  101  7:06  Stalker  
  101  7:07  Stalker, Probe  
  108  7:13  Probe  
  100  7:36  Stalker x2  
  100  7:37  Stalker x2  
  96  7:44  Probe  
  96  7:45  Probe  
  96  7:46  Probe  
  99  7:58  Probe  
  100  8:08  Probe  
  100  8:09  Probe  
  100  8:10  Probe  
  103  8:17  Pylon  
  103  8:19  Probe, Disruptor (Chrono Boost)  
  100  8:20  Stalker x4, Pylon  
  100  8:26  Photon Cannon  
  109  8:29  Photon Cannon  
  109  8:30  Photon Cannon  
  109  8:33  Probe x2, Photon Cannon  
  109  8:35  Probe  
  109  8:36  Photon Cannon  
  109  8:37  Photon Cannon  
  109  8:40  Photon Cannon  
  109  8:41  Pylon  
  112  8:42  Protoss Ground Weapons Level 2  
  112  8:44  Probe x2, Assimilator  
  112  8:45  Photon Cannon  
  112  8:46  Assimilator  
  112  8:47  Probe  
  115  8:50  Disruptor (Chrono Boost)  
  115  8:54  Stalker x3, Probe  
  124  8:57  Probe  
  126  9:06  Nexus  
  126  9:09  Pylon  
  126  9:10  Pylon  
  126  9:21  Disruptor (Chrono Boost)  
  127  9:29  Adept x5  
  127  9:30  Adept  
  139  9:33  Gateway  
  139  9:34  Gateway  
  139  9:36  Photon Cannon  
  139  9:39  Photon Cannon  
  139  9:41  Robotics Facility, Assimilator  
  139  9:43  Dark Shrine  
  139  9:45  Assimilator  
  139  9:46  Pylon  
  139  9:55  Disruptor (Chrono Boost)  
  139  9:59  Sentry  
  144  10:00  Sentry  
  144  10:12  Probe  
  144  10:13  Probe  
  143  10:14  Probe  
  143  10:18  Adept x4  
  153  10:26  Probe, Warp Prism (Chrono Boost)  
  96  10:46  Stalker  
  96  10:47  Stalker x7, Mothership Core  
  101  10:57  Disruptor (Chrono Boost)  
  107  10:59  Disruptor (Chrono Boost)  
  95  11:13  Stalker  
  95  11:14  Dark Templar x2  
  95  11:15  Dark Templar x3  
Show
View Real Time Build Order
Export as new Build Order

MorN Terran - Winner!

Build Orders: Cyclone Opening, MMM Bio 

Get SALT Encoding   

  12  0:00  SCV  
  13  0:12  SCV  
  14  0:17  Supply Depot  
  14  0:24  SCV  
  15  0:39  SCV  
  15  0:40  Barracks  
  16  0:46  Refinery  
  16  0:51  SCV  
  17  1:04  SCV  
  18  1:16  SCV  
  19  1:30  Marine, Orbital Command  
  20  1:42  Command Center  
  20  1:53  Factory  
  20  1:58  SCV  
  21  2:02  Marine  
  22  2:10  SCV  
  22  2:11  Supply Depot  
  23  2:28  SCV  
  23  2:32  Marine  
  24  2:37  Factory Tech Lab, Barracks  
  24  2:45  SCV  
  24  2:50  Marine  
  26  2:56  Orbital Command  
  26  2:59  Cyclone  
  26  3:01  SCV  
  30  3:09  Marine  
  31  3:13  SCV  
  31  3:15  Refinery  
  31  3:16  Engineering Bay  
  32  3:22  SCV  
  32  3:25  SCV  
  34  3:36  SCV  
  34  3:37  SCV  
  34  3:38  Factory Reactor  
  36  3:49  Barracks Tech Lab, Stimpack  
  36  3:53  SCV x2  
  36  3:54  Barracks  
  38  4:05  SCV x2, Refinery  
  38  4:06  Command Center  
  38  4:09  Marine x2  
  42  4:19  SCV x2  
  44  4:24  Factory Reactor  
  44  4:25  Starport  
  44  4:29  Missile Turret  
  44  4:31  SCV  
  44  4:32  SCV  
  44  4:33  Missile Turret  
  46  4:47  Combat Shields  
  46  5:01  Supply Depot  
  46  5:04  Terran Infantry Weapons Level 1  
  46  5:08  Refinery  
  46  5:10  Supply Depot  
  46  5:17  SCV x2, Marauder x2, Marine x2  
  54  5:29  SCV x2  
  54  5:30  Medivac x2  
  54  5:32  Factory Reactor  
  60  5:38  Supply Depot  
  60  5:41  SCV x2  
  62  5:42  Barracks  
  62  5:44  Barracks  
  62  5:49  Orbital Command  
  62  5:53  SCV x2  
  62  5:55  Marine x2  
  62  5:56  Concussive Shells, Marauder x2  
  70  6:04  Medivac x2  
  70  6:06  SCV  
  75  6:13  Marine x2  
  75  6:15  Widow Mine x2  
  75  6:16  Marine  
  75  6:17  SCV, Marine  
  84  6:28  SCV  
  85  6:38  Supply Depot  
  85  6:43  Engineering Bay  
  85  6:44  Barracks Reactor, Barracks Tech Lab, Armory  
  85  7:00  SCV x3, Marauder, Marine x3  
  93  7:01  Supply Depot  
  93  7:04  Supply Depot  
  93  7:09  Marine  
  93  7:12  SCV x3  
  91  7:18  Marauder, Marine x2  
  91  7:21  Marine  
  89  7:23  Marine x2  
  89  7:24  SCV x3  
  89  7:27  Marine  
  89  7:28  Widow Mine, Medivac x2  
  95  7:33  Terran Infantry Weapons Level 2  
  95  7:35  Terran Infantry Armor Level 1, Marine x2  
  95  7:36  SCV x3  
  100  7:40  Marauder x2  
  104  7:48  SCV x2  
  104  7:50  Marauder, Marine  
  109  7:51  Terran Vehicle Weapons Level 1  
  109  7:55  Supply Depot, Refinery  
  109  7:56  Supply Depot  
  109  7:57  Refinery  
  109  8:05  Marine  
  109  8:11  Marine  
  109  8:14  Supply Depot  
  109  8:16  Marauder x2, Medivac, Marine x2  
  109  8:17  Widow Mine x2  
  109  8:18  Marauder  
  109  8:19  SCV  
  124  8:20  Supply Depot  
  124  8:23  Marine  
  125  8:29  Marine  
  125  8:34  Starport  
  122  8:36  Marine x2  
  122  8:38  Marauder x2  
  122  8:39  Medivac  
  122  8:40  Marauder  
  132  8:43  Marine  
  132  8:46  Widow Mine x2  
  132  8:47  Marine  
  138  8:48  Command Center  
  138  8:59  Marauder  
  140  9:05  Supply Depot  
  140  9:06  Marine  
  140  9:07  Supply Depot x2  
  140  9:08  Supply Depot  
  141  9:10  Supply Depot  
  141  9:13  Liberator  
  141  9:14  Liberator x2  
  141  9:15  Marauder  
  141  9:19  Marine  
  141  9:22  Marine  
  141  9:23  Marine, Marauder x2  
  141  9:26  Marine  
  141  9:29  Liberator  
  151  9:36  Supply Depot, Marauder  
  151  9:37  Marine  
  154  9:40  Marine  
  154  9:41  Factory Reactor, Marine  
  154  9:44  Marauder  
  154  9:45  Marauder  
  160  9:52  SCV x2  
  165  9:56  Liberator x3  
  165  10:12  Marine, Marauder, Liberator  
  165  10:13  Marine x2, Marauder x2  
  183  10:21  Marine  
  184  10:30  Marine x3  
  184  10:34  Marauder x2  
  163  10:43  Marine x2  
  163  10:49  Marine x2  
  165  10:50  Marine  
  165  10:55  Marauder x2  
  178  11:01  Marauder, Marine  
  172  11:07  Marine x2  
  172  11:08  Marine  
  172  11:10  Barracks  
  174  11:11  Barracks  
  174  11:13  Barracks  
  174  11:16  Marine  
  177  11:19  Marine  
Tags
 
Add a new tag
Caveats
  • Supply blocks, unpowered buildings, or Contaminate may cause inaccurate times.
  • Supply counts are checked every 10 seconds.